AoeStats
← hrodgar12

Arabia

508771965Analyzed
1v1 RM · 9d ago on Sep 24, 2026· 38m 30s· 2 players
Game mode
Random Map
Map size
Tiny (2 player)
Population
200
Speed
Normal
Resources
Standard
Victory
Conquest
Starting age
Dark Age
Ending age
Imperial Age
RankedLock teamsTeams togetherTeam positionsShared explorationLock speedFull tech treeHidden civsTurbo modeCheats
Victory
Defeat
🇺🇦 Franks · Ukraine
634
+12
🇺🇸 Poles · United States
541
-12
hrodgar12
8:20 Loom
11:49 Feudal Age
12:14 Horse Collar
12:30 Double-Bit Axe
22:28 Castle Age
22:46 Forging
23:57 Scale Barding Armor
24:15 Heavy Plow
24:28 Bow Saw
27:20 Stone Mining
29:37 Bloodlines
29:31 Scale Mail Armor
31:34 Iron Casting
32:02 Szlachta Privileges
34:14 Husbandry
34:32 Chain Mail Armor
daniil_lox
10:28 Feudal Age
12:41 Wheelbarrow
11:53 Double-Bit Axe
22:02 Gold Mining
23:01 Fletching
25:47 Castle Age
26:59 Scale Barding Armor
28:04 Hand Cart
28:35 Bow Saw
28:42 Husbandry
32:11 Chain Barding Armor
Connection lost

Rejoining the realm…

Still unreachable

The connection could not be restored.

Session expired

The server has moved on; the page needs a fresh start.